 Dungeon Crawl Stone Soup version 0.22.2-1-ge965b3aba3 (webtiles) character file.

186 theanonym the Cutter (level 5, 0/39 HPs)
             Began as a Mummy Enchanter on Sept 1, 2021.
             Slain by a worm (3 damage)
             ... in a sewer.
             The game lasted 00:05:08 (4282 turns).

theanonym the Cutter (Mummy Enchanter)              Turns: 4282, Time: 00:05:08

Health: 0/39       AC:  7    Str: 12    XL:     5   Next: 38%
Magic:  9/9        EV: 10    Int: 15    God:
Gold:   195        SH:  0    Dex: 12    Spells: 8/9 levels left

rFire    x . .     SeeInvis .   a - +1 dagger
rCold    + + .     Gourm    .   (no shield)
rNeg     + + +     Faith    .   i - +2 ring mail {rC+}
rPois    ∞         Spirit   .   (no helmet)
rElec    .         Reflect  .   (no cloak)
rCorr    .         Harm     .   (no gloves)
MR       .....                  (no boots)
Stlth    +.........             (no amulet)
HPRegen  0.13/turn              (no ring)
MPRegen  0.11/turn              (no ring)

@: no status effects
A: no food or potions, fire vulnerability, cold resistance 1, negative energy
resistance 3, torment resistance, unbreathing
a: no special abilities


Innate Abilities, Weirdness & Mutations

You do not eat or drink.
Your flesh is vulnerable to fire.
You are immune to poison.
Your flesh is cold resistant. (rC+)
You are immune to negative energy. (rN+++)
You are immune to unholy pain and torment.
You can survive without breathing.


   Skills:
 + Level 2.7 Fighting
 * Level 3.6 Short Blades
 - Level 1.5 Dodging
 - Level 2.4 Stealth
 - Level 2.6 Spellcasting
 - Level 2.6 Hexes


You had 8 spell levels left.
You knew the following spells:

 Your Spells              Type           Power        Failure   Level  Hunger
a - Corona                Hex            ##.....      16%         1    N/A

Your spell library contained the following spells:

 Spells                   Type           Power        Failure   Level  Hunger
 Ensorcelled Hibernation  Hex/Ice        #.....       38%         2    N/A
 Confuse                  Hex            ##......     43%         3    N/A
 Tukima's Dance           Hex            ##......     43%         3    N/A
 Dazzling Spray           Conj/Hex       #.....       63%         3    N/A

Skill      XL: |  1  2  3  4 |
---------------+-------------+-----
Short Blades   | 1 2 3 |  3.6
Fighting       | 1 2 |  2.7
Dodging        | |  1.5
Stealth        | |  2.4
Spellcasting   | |  2.6
Hexes          | |  2.6

Action                   |  1- 3 |  4- 6 || total
-------------------------+-------+-------++-------
Melee: Dagger            |   223 |   268 ||   491
  Use: Scroll            |       |     7 ||     7
 Stab: Sleeping          |     3 |     1 ||     4
Armor: Ring mail         |    86 |    94 ||   180
Dodge: Dodged            |   133 |   167 ||   300

Inventory:

Hand Weapons
 a - a +1 dagger (weapon)
Armour
 i - a +2 ring mail of cold resistance (worn)
   (You found it on level 1 of the Dungeon)
Scrolls
 c - 2 scrolls of amnesia
 e - a scroll of enchant armour
 f - a scroll of fog
 m - a scroll of immolation {unknown}
 n - 2 scrolls of remove curse
 B - 2 scrolls of blinking You were in a sewer. You were not hungry. You visited 1 branch of the dungeon, and saw 4 of its levels. You also visited: Sewer. You collected 195 gold pieces.

Dungeon Overview and Level Annotations

Branches:
Dungeon (4/15)
 Temple: D:4-7

Altars:
Hepliaklqana
Wu Jian

#### ###∩.###
#
#.†....####..
#..†.∩......≈
#...†@....≈≈.
##..w..##.###
##...## #
#####


You could see a worm.

Notes
Turn   | Place    | Note
-------+----------+-------------------------------------------
     0 | D:1      | theanonym the Mummy Enchanter began the quest for the Orb.
     0 | D:1      | Reached XP level 1. HP: 13/13 MP: 4/4
    13 | D:1      | Reached skill level 1 in Short Blades
   253 | D:1      | Reached XP level 2. HP: 15/20 MP: 5/5
   498 | D:1      | Reached skill level 1 in Fighting
  1022 | D:2      | Reached skill level 2 in Short Blades
  1057 | D:2      | Reached XP level 3. HP: 26/26 MP: 7/7
  1511 | D:2      | HP: 9/27 [worm (8)]
  1521 | D:2      | HP: 7/27 [hobgoblin/club (2)]
  1588 | D:2      | HP: 11/27 [goblin/club (2)]
  1806 | D:2      | HP: 8/27 [worm (7)]
  2236 | D:3      | Reached XP level 4. HP: 30/33 MP: 8/8
  2286 | D:3      | Reached skill level 2 in Fighting
  2362 | D:3      | HP: 13/33 [orc/flail (8)]
  2367 | D:3      | HP: 6/33 [orc/dagger (3)]
  2379 | D:3      | HP: 5/33 [orc/stone (2)]
  2768 | D:3      | Reached skill level 3 in Short Blades
  3041 | D:3      | HP: 14/33 [orc/flail (5)]
  3400 | D:3      | Found a hazy altar of Hepliaklqana.
  3644 | D:4      | HP: 16/34 [worker ant (5)]
  3650 | D:4      | HP: 5/34 [worker ant (4)]
  3655 | D:4      | HP: 5/34 [worker ant (1)]
  3659 | D:4      | Reached XP level 5. HP: 6/39 MP: 9/9
  3918 | D:4      | Found an ornate altar of the Wu Jian Council.
  3946 | D:4      | HP: 18/39 [river rat (7)]
  3954 | D:4      | HP: 9/39 [river rat (7)]
  3961 | D:4      | HP: 9/39 [giant cockroach (1)]
  4240 | D:4      | Found a glowing drain.
  4242 | D:4      | HP: 17/39 [river rat (8)]
  4245 | D:4      | HP: 5/39 [river rat (6)]
  4247 | Sewer    | Entered a sewer
  4250 | Sewer    | HP: 4/39 [bat (1)]
  4256 | Sewer    | HP: 1/39 [giant cockroach (2)]
  4270 | Sewer    | HP: 2/39 [bat (1)]
  4282 | Sewer    | Slain by a worm

Vanquished Creatures
  A worker ant (D:4)
  A howler monkey zombie (D:3)
  6 adders
  A river rat (D:4)
  A worm (D:2)
  A dart slug (D:1)
  2 leopard geckos
  6 orcs
  6 giant cockroaches
  12 goblins
  7 hobgoblins
  5 jackals
  7 kobolds
  2 quokkas
  8 bats
  4 frilled lizards
  A giant cockroach zombie (D:3)
  4 rats
75 creatures vanquished.

Table legend:
 A = Turns spent in this place as a percentage of turns spent in the entire game.
 B = Non-inter-level travel turns spent in this place as a percentage of non-inter-level travel turns spent in the entire game.
 C = Inter-level travel turns spent in this place as a percentage of turns spent in this place.
 D = Turns resting spent in this place as a percentage of non-inter-level travel turns spent in this place.
 E = Turns spent auto-exploring this place as a percentage of non-inter-level travel turns spent in this place.
 F = Non-inter-level travel turns spent in this place divided by the number of levels of this place that you've seen.
                   A       B       C       D       E      F
               +-------+-------+-------+-------+-------+----------------------
         Total | 100.0 | 100.0 |   3.9 |  44.3 |  33.6 | 822.8
       Dungeon |  99.2 |  99.1 |   4.0 |  44.7 |  33.9 | 1019.8
         Sewer |   0.8 |   0.9 |   0.0 |   0.0 |   0.0 |  35.0
               +-------+-------+-------+-------+-------+----------------------
